Map: Winter's Gate LE

Players

Dreamie - Winner!

  • Race: Protoss Protoss
  • League: Master
  • Spawn Location: 11:00

Mez

  • Race: Terran Terran
  • League: Master
  • Spawn Location: 5:00

VOD

Have the link to the VOD?

Description

Time

  • Played on: Sept. 3, 2019, 8:16 a.m.
  • Length: 17:56
Show
View Real Time Build Order
Export as new Build Order

Dreamie Protoss - Winner!

Build Orders: Double Forge, Phoenix Opening, Carriers, Mass Phoenix 

Get SALT Encoding   

  12  0:00  Probe  
  13  0:12  Probe  
  14  0:18  Pylon  
  14  0:24  Probe  
  15  0:34  Probe  
  15  0:39  Gateway  
  15  0:42  Probe  
  16  0:49  Assimilator  
  17  0:52  Probe  
  18  0:58  Assimilator  
  18  1:04  Probe  
  19  1:11  Forge  
  19  1:17  Probe  
  19  1:27  Probe  
  19  1:29  Cybernetics Core  
  20  1:35  Probe  
  21  1:44  Probe  
  22  1:56  Probe  
  23  2:04  Nexus  
  23  2:13  Pylon  
  23  2:21  Adept  
  24  2:54  Probe  
  24  2:57  Stargate  
  24  2:58  Stargate  
  24  3:03  Adept  
  26  3:07  Probe  
  27  3:14  Probe  
  27  3:15  Probe  
  29  3:22  Probe  
  29  3:23  Probe  
  30  3:31  Probe  
  30  3:33  Probe  
  31  3:41  Phoenix x2  
  35  3:43  Probe  
  35  3:45  Probe  
  39  3:49  Pylon  
  39  3:55  Probe  
  40  4:05  Probe  
  40  4:06  Phoenix x2  
  40  4:09  Pylon  
  45  4:14  Probe  
  46  4:26  Probe  
  46  4:29  Assimilator  
  46  4:30  Probe  
  46  4:31  Phoenix, Assimilator  
  50  4:35  Phoenix  
  50  4:38  Probe  
  53  4:43  Probe  
  54  4:46  Forge  
  54  4:50  Probe  
  55  4:54  Robotics Facility  
  55  4:58  Probe  
  56  5:02  Probe  
  57  5:10  Phoenix, Probe  
  60  5:14  Probe  
  61  5:21  Pylon  
  61  5:22  Pylon  
  61  5:36  Probe  
  61  5:39  Phoenix  
  61  5:40  Nexus  
  64  5:49  Immortal  
  68  5:50  Probe  
  68  5:51  Robotics Bay  
  68  5:53  Probe  
  69  5:58  Probe  
  71  6:06  Pylon  
  71  6:10  Phoenix x2  
  75  6:28  Disruptor  
  75  6:38  Probe  
  77  6:44  Robotics Facility  
  77  6:46  Photon Cannon  
  77  6:47  Pylon  
  77  6:48  Photon Cannon, Pylon x2  
  77  6:51  Probe  
  78  6:54  Probe x2, Protoss Ground Weapons Level 1  
  78  6:56  Assimilator  
  80  7:02  Assimilator  
  80  7:03  Probe  
  80  7:06  Probe x2  
  80  7:07  Disruptor  
  86  7:15  Probe  
  87  7:18  Phoenix x2  
  89  7:31  Probe x2  
  89  7:35  Photon Cannon  
  89  7:36  Photon Cannon  
  91  7:39  Photon Cannon x2  
  91  7:41  Pylon  
  91  7:43  Probe x2, Disruptor  
  96  7:55  Probe x2  
  98  8:07  Probe  
  98  8:08  Disruptor  
  102  8:13  Disruptor  
  105  8:21  Nexus  
  105  8:22  Pylon  
  103  8:36  Disruptor  
  103  8:44  Disruptor  
  109  8:57  Probe  
  109  8:58  Pylon  
  109  8:59  Pylon  
  109  9:01  Photon Cannon  
  110  9:03  Photon Cannon  
  110  9:04  Photon Cannon  
  110  9:06  Photon Cannon x2  
  110  9:09  Photon Cannon  
  110  9:10  Photon Cannon  
  110  9:12  Photon Cannon  
  110  9:14  Photon Cannon  
  110  9:33  Stargate  
  110  9:36  Fleet Beacon, Protoss Air Weapons Level 1  
  110  9:38  Pylon  
  110  9:39  Pylon, Probe x2  
  110  9:43  Probe, Assimilator  
  110  9:45  Assimilator  
  113  9:46  Colossus x2  
  113  9:51  Probe x2  
  127  10:05  Probe  
  128  10:08  Carrier x2  
  128  10:10  Carrier, Probe  
  128  10:13  Probe  
  130  10:17  Probe  
  149  10:22  Probe  
  150  10:31  Probe x2  
  150  10:33  Protoss Shields Level 1  
  150  10:59  Carrier x2, Nexus  
  150  11:00  Mothership  
  150  11:05  Carrier  
  150  11:06  Pylon  
  172  11:55  Carrier x2  
  172  12:02  Carrier  
  172  12:04  Probe x2  
  172  12:05  Probe  
  172  12:06  Pylon  
  172  12:08  Pylon  
  187  12:09  Pylon  
  187  12:11  Assimilator  
  193  12:16  Assimilator  
  193  12:19  Cybernetics Core  
  193  12:26  Protoss Air Weapons Level 2  
  193  12:33  Probe  
  193  12:34  Probe  
  166  13:44  Disruptor  
  166  13:45  Probe x2, Disruptor  
  166  13:46  Probe x3  
  171  13:50  Carrier  
  171  13:51  Carrier x2  
  195  13:57  Nexus  
  175  14:39  Warp Gate  
  175  14:45  Gateway  
  175  14:47  Gateway  
  175  14:51  Gateway  
  175  14:54  Twilight Council  
  175  14:56  Pylon  
  175  14:57  Pylon  
  175  14:58  Photon Cannon  
  175  15:00  Photon Cannon  
  175  15:01  Photon Cannon  
  175  15:02  Carrier x2  
  175  15:04  Photon Cannon x2  
  175  15:06  Photon Cannon  
  175  15:12  Photon Cannon, Protoss Air Weapons Level 3  
  175  15:13  Photon Cannon  
  187  15:15  Photon Cannon  
  187  15:16  Photon Cannon  
  187  15:21  Pylon  
  187  15:22  Pylon  
  187  15:24  Pylon  
  186  15:49  Nexus  
  186  16:09  Pylon  
  186  16:12  Pylon  
  186  16:15  Assimilator  
  183  16:19  Assimilator  
  177  16:32  Templar Archives  
  177  16:39  Carrier x2  
  175  16:40  Carrier  
  175  16:42  Disruptor  
  175  16:52  Disruptor  
  167  17:46  High Templar x4  
Show
View Real Time Build Order
Export as new Build Order

Mez Terran 

Build Orders: Reaper Expand 

Get SALT Encoding   

  12  0:00  SCV  
  13  0:13  SCV  
  14  0:17  Supply Depot  
  14  0:25  SCV  
  15  0:38  SCV  
  15  0:40  Barracks  
  16  0:44  Refinery  
  16  0:50  SCV  
  17  1:06  SCV  
  19  1:18  SCV  
  19  1:28  Reaper  
  19  1:30  Orbital Command  
  20  1:42  Command Center  
  20  1:58  Bunker  
  20  2:00  SCV  
  21  2:01  Marine  
  21  2:04  Supply Depot  
  22  2:13  SCV  
  23  2:21  Barracks Reactor  
  23  2:29  SCV  
  24  2:55  SCV  
  24  2:57  Orbital Command  
  25  2:58  Factory, Command Center  
  25  3:01  Marine x2  
  27  3:09  SCV  
  27  3:11  Refinery  
  28  3:21  SCV, Marine  
  28  3:22  Marine  
  28  3:23  SCV  
  32  3:34  SCV  
  33  3:35  SCV  
  33  3:39  Marine x2  
  36  3:45  Widow Mine  
  36  3:46  Starport  
  36  3:47  SCV x2  
  40  3:59  Marine x2  
  40  4:01  SCV x2  
  44  4:08  Widow Mine  
  46  4:12  Orbital Command  
  46  4:14  Refinery, SCV x2  
  48  4:21  Supply Depot  
  48  4:22  Marine x2  
  48  4:23  Starport Tech Lab  
  50  4:25  Barracks  
  50  4:30  Factory Tech Lab  
  50  4:36  SCV x2  
  51  4:47  Raven  
  51  4:48  Marine x2  
  51  4:49  SCV x2  
  51  4:50  Supply Depot  
  57  4:56  Barracks  
  57  5:01  Engineering Bay  
  57  5:03  Engineering Bay  
  57  5:04  Factory Reactor  
  55  5:14  Marine x2  
  55  5:15  SCV  
  55  5:16  SCV x2  
  60  5:28  SCV x2  
  60  5:30  Barracks  
  60  5:31  Barracks  
  58  5:38  Missile Turret  
  58  5:39  Missile Turret  
  58  5:44  Orbital Command  
  58  5:46  SCV x2  
  58  5:47  Factory Reactor  
  58  5:48  Terran Infantry Weapons Level 1  
  58  5:49  Terran Infantry Armor Level 1  
  60  5:51  Stimpack  
  60  6:06  SCV x2  
  60  6:08  Combat Shield  
  60  6:09  Marauder, Marine x3  
  67  6:17  SCV  
  67  6:18  SCV x2  
  69  6:20  Barracks Reactor  
  65  6:31  Barracks Tech Lab  
  63  6:36  SCV  
  63  6:37  SCV x2  
  63  6:38  Missile Turret  
  63  6:39  Marauder, Marine x2  
  69  6:40  Marauder, Medivac  
  69  6:45  Refinery  
  71  6:49  SCV x3  
  71  6:52  Widow Mine  
  76  7:01  Supply Depot x2, SCV  
  77  7:02  Supply Depot x2  
  77  7:21  Medivac x2, Marine x2  
  77  7:22  Marauder, Marine x2  
  85  7:23  Widow Mine, Marauder x2, SCV x3  
  85  7:28  Concussive Shells  
  90  7:33  Missile Turret  
  90  7:35  SCV x3  
  93  7:39  Marine x2  
  93  7:43  Marauder  
  97  7:44  Marauder  
  97  7:45  Refinery  
  97  7:46  Command Center  
  97  7:47  SCV x3  
  102  7:56  Medivac  
  104  7:59  SCV x3  
  104  8:02  Marine  
  104  8:03  Marauder, Marine x3  
  113  8:06  Armory  
  113  8:11  SCV x3  
  116  8:23  SCV  
  117  8:38  Starport  
  117  8:39  Supply Depot x2  
  117  8:40  Supply Depot  
  117  8:41  Marauder x2, SCV, Marine x3  
  125  8:42  Supply Depot  
  125  8:45  Refinery  
  125  8:47  SCV  
  124  8:57  Marauder  
  128  9:03  Marauder x2, Marine x3  
  133  9:11  Supply Depot x2  
  133  9:13  Terran Infantry Armor Level 2, Terran Infantry Weapons Level 2  
  133  9:14  Supply Depot, Liberator  
  133  9:15  Liberator, Barracks x2  
  133  9:16  Starport Tech Lab, Barracks  
  133  9:19  Liberator, Fusion Core, SCV  
  143  9:44  Planetary Fortress  
  141  9:55  Marauder x2, Marine x2  
  141  9:56  SCV  
  148  10:03  Liberator  
  148  10:04  Widow Mine x2  
  148  10:05  Barracks Tech Lab x2, Barracks Reactor  
  148  10:06  Missile Turret  
  152  10:10  Missile Turret  
  152  10:17  Sensor Tower  
  155  10:21  Sensor Tower  
  155  10:22  Advanced Ballistics  
  155  10:33  Liberator  
  155  10:34  Liberator  
  155  10:42  Refinery, SCV x4  
  158  10:45  Refinery  
  158  10:46  Liberator  
  158  10:48  Command Center  
  163  11:03  Terran Ship Weapons Level 1  
  163  11:04  Command Center  
  166  11:07  Ghost Academy  
  166  11:19  Starport  
  166  11:22  Liberator  
  166  11:37  Ghost x3  
  166  11:38  Ghost  
  177  11:50  Enhanced Shockwaves  
  177  12:01  Command Center  
  177  12:12  Orbital Command  
  177  12:18  Command Center  
  177  12:29  Ghost  
  194  12:42  Viking x2  
  194  12:43  Viking x3  
  185  12:51  Planetary Fortress  
  185  13:07  Terran Infantry Weapons Level 3, Terran Infantry Armor Level 3  
  185  13:12  Viking x3  
  168  13:34  Viking x2  
  139  13:42  Viking x2, Marine x8  
  139  13:46  Viking  
  141  13:58  Orbital Command  
  141  14:00  Missile Turret  
  141  14:04  Viking  
  141  14:05  Refinery  
  141  14:07  Refinery  
  143  14:10  Viking  
  143  14:12  Viking  
  143  14:27  Viking x2  
  130  14:34  Viking  
  123  14:40  Viking  
  123  14:42  Viking  
  127  14:49  Marine  
  127  14:50  Marine x9  
  137  14:57  Viking  
  139  15:00  Viking  
  139  15:04  Viking  
  143  15:09  Viking  
  145  15:25  Viking  
  145  15:27  Viking  
  149  15:30  Viking  
  149  15:34  Viking  
  153  15:37  Planetary Fortress  
  153  15:40  Marine x6  
  159  15:43  Liberator, SCV x2  
  159  15:44  Neosteel Armor, Liberator x3  
  159  15:45  SCV x2  
  161  16:01  Refinery x2  
  161  16:22  Marauder x3  
  165  16:28  Marauder, Marine x3  
  170  16:38  Viking  
  158  16:43  Viking  
  158  16:44  Viking  
  156  16:49  Command Center  
  144  17:00  Marine x7  
Tags
 
Add a new tag
Caveats
  • Supply blocks, unpowered buildings, or Contaminate may cause inaccurate times.
  • Supply counts are checked every 10 seconds.